 Dungeon Crawl Stone Soup version 0.29-a0-207-gf982a884d8 (webtiles) character file.

Game seed: 7439128107453901398

14016 drugrobin the Severer (level 11, -7/79 HPs)
             Began as a Demigod Warper on Feb 23, 2022.
             Killed from afar by a manticore (24 damage)
             ... with a volley of spikes
             ... summoned by a boggart
             ... on level 11 of the Dungeon.
             The game lasted 00:58:58 (15179 turns).

drugrobin the Severer (Demigod Warper)             Turns: 15179, Time: 00:58:59

Health: -7/79      AC:  8    Str: 20    XL:     11   Next: 53%
Magic:  24/26      EV: 11    Int: 19    God:
Gold:   493        SH:  3    Dex: 13    Spells: 1/13 levels left

rFire   . . .      SeeInvis .   a - +8 broad axe of Iffey {protect, Will++ MP+9}
rCold   . . .      Faith    .   I - +0 buckler
rNeg    . . .      Spirit   .   R - +0 troll leather armour
rPois   +          Reflect  .   u - +0 helmet
rElec   .          Harm     .   o - +1 cloak
rCorr   .          Rampage  .   q - +0 pair of gloves
Will    +++..                   (no boots)
Stlth   ++........              K - amulet of magic regeneration
HPRegen 1.03/turn               l - ring of poison resistance
MPRegen 0.60/turn               j - ring of wizardry

@: spiked
A: high MP 1, forlorn, divine attributes
a: no special abilities


You were on level 11 of the Dungeon.
You visited 1 branch of the dungeon, and saw 11 of its levels.

You collected 661 gold pieces.
You spent 168 gold pieces at shops.

Inventory:

Hand Weapons
 a - the +8 broad axe of Iffey (weapon) {protect, Will++ MP+9}
   (You took it off a gnoll on level 2 of the Dungeon)

   It grants its wielder temporary protection when it strikes (+7 to AC).
   MP:        It affects your magic capacity (+9).
   Will:      It greatly increases your willpower.
 b - a +1 hunting sling of freezing
 c - a +2 dagger of venom
 d - the +6 dagger "Galam" {elec, Str+6}
   (You found it on level 3 of the Dungeon)

   It occasionally discharges a powerful burst of electricity upon striking a
   foe.
   Str:       It affects your strength (+6).
 g - a +2 hand axe of flaming
Missiles
 f - 23 poisoned darts
 h - 400 stones
 L - 5 boomerangs of dispersal
 U - 5 curare-tipped darts
Armour
 o - a +1 cloak (worn)
 q - a +0 pair of gloves (worn)
 u - a +0 helmet (worn)
 I - a +0 buckler (worn)
 J - +0 acid dragon scales
 R - a +0 troll leather armour (worn)
 T - the +1 leather armour of Dishonesty {rF++}
   (You found it on level 11 of the Dungeon)

   rF:        It greatly protects you from fire.
Jewellery
 j - a ring of wizardry (right hand)
 l - a ring of poison resistance (left hand)
 w - a ring of flight
 C - a ring of magical power
 K - an amulet of magic regeneration (around neck)
Wands
 n - a wand of acid (7)
 p - a wand of flame (35) (quivered)
 G - a wand of digging (4)
 Q - a wand of iceblast (7)
 S - a wand of polymorph (6)
Scrolls
 e - 3 scrolls of magic mapping
 k - a scroll of blinking
 m - a scroll of fog
 r - 7 scrolls of teleportation
 t - a scroll of enchant armour
 v - a scroll of vulnerability
 y - 2 scrolls of fear
 E - 3 scrolls of amnesia
 F - a scroll of enchant weapon
 H - 2 scrolls of immolation {unknown}
 P - a scroll of acquirement {unknown}
Potions
 i - 2 potions of resistance
 s - a potion of haste
 x - 2 potions of flight
 z - 2 potions of mutation
 A - a potion of brilliance
 B - 3 potions of curing
 D - 3 potions of attraction
 M - a potion of lignification
 N - a potion of might
 O - a potion of invisibility


   Skills:
 - Level 1.7 Fighting
 * Level 17.0(17.1) Axes
 - Level 2.7(11.4) Polearms
 - Level 0.8 Throwing
 - Level 0.8 Armour
 - Level 1.7 Dodging
 - Level 2.0 Stealth
 - Level 1.7 Spellcasting
 - Level 2.6 Translocations


You had one spell level left.
You knew the following spells:

 Your Spells              Type           Power      Damage    Failure   Level
a - Blink                 Tloc           22%        N/A       6%          2
b - Teleport Other        Tloc           11%        N/A       12%         3
c - Animate Skeleton      Necr           2%         N/A       12%         1
d - Lesser Beckoning      Tloc           11%        N/A       12%         3
e - Mephitic Cloud        Conj/Pois/Air  1%         N/A       32%         3

Your spell library contained the following spells:

 Spells                   Type           Power      Damage    Failure   Level
 Pain                     Necr           4%         1d4       12%         1
 Slow                     Hex            4%         N/A       12%         1
 Sting                    Tmut/Pois      4%         1d3       12%         1
 Gell's Gravitas          Tloc           11%        N/A       12%         3
 Poisonous Vapours        Pois/Air       2%         N/A       16%         2
 Portal Projectile        Hex/Tloc       12%        N/A       19%         3
 Call Canine Familiar     Summ           1%         N/A       32%         3
 Confusing Touch          Hex            1%         N/A       32%         3
 Ignite Poison            Fire/Tmut/Pois 1%         N/A       32%         3
 Vampiric Draining        Necr           1%         2d6       32%         3
 Manifold Assault         Tloc           11%        N/A       67%         5
 Leda's Liquefaction      Hex/Erth       0%         N/A       69%         4
 Olgreb's Toxic Radiance  Pois           1%         N/A       69%         4
 Freezing Cloud           Conj/Ice/Air   0%         6-21      95%         5
 Ozocubu's Refrigeration  Ice            0%         4d5       100%        7
 Ignition                 Fire           0%         3d3       100%        8


Dungeon Overview and Level Annotations

Branches:
Dungeon (11/15)            Temple (0/1) D:5
   Lair: D:8-11         Orc: D:9-12

Shops:
D:7 [   D:11 *

Portals:
Trove: D:10 (give 15 scrolls of teleportation)

Annotations:
D:8 Amaemon
D:11 3 runed translucent doors, Erica


Innate Abilities, Weirdness & Mutations

You have an increased reservoir of magic. (+10% MP)
You shall have no god before yourself.
Your divine heritage dramatically boosts your attributes as you level up.


Message History

You now have 493 gold pieces (gained 18).
A manticore is nearby!
Unknown command.
The manticore flicks its tail.
The volley of spikes hits you!
The barbed spikes become lodged in your body.
The manticore flicks its tail.
The volley of spikes hits you!
The barbed spikes become lodged in your body.
The manticore flicks its tail.
The volley of spikes hits you!
The barbed spikes become lodged in your body.
The manticore flicks its tail.
The volley of spikes hits you!
The barbed spikes become lodged in your body.
The manticore flicks its tail.
The volley of spikes hits you!
The barbed spikes become lodged in your body.
The manticore flicks its tail.
The volley of spikes hits you!
The barbed spikes become lodged in your body.
* * * LOW HITPOINT WARNING * * *
Okay, then.
Unknown command.
Casting: Mephitic Cloud (dangerous; 32% risk of failure)
Confirm with . or Enter, or press ? or * to list all spells.
Aiming: Teleport Other (dangerous; 12% risk of failure)
Press: ? - help, Shift-Dir - straight line, f - manticore
Aim: a manticore (summoned, chance to affect: 32%)
The manticore looks slightly unstable.
The manticore flicks its tail.
The volley of spikes hits you.
The barbed spikes become lodged in your body.
* * * LOW HITPOINT WARNING * * *
Unknown command.
Unknown command.
The manticore flicks its tail.
The volley of spikes hits you!!
The barbed spikes become lodged in your body.
You die...

#########################
#........................
#.###############........
#.# #...##### #.# #...#
#.###############...#
#.........@...H.......
#...................###
#..###############..#
#..# ..# #..# ..# #..#
#... #..#


You could see a manticore (summoned).

Vanquished Creatures
  Josephine (D:11)
  A boulder beetle (D:11)
  A two-headed ogre (D:10)
  Sonja (D:11)
  An ugly thing (D:11)
  A manticore (D:11)
  Joseph (D:8)
  Maggie (D:8)
  The ghost of snaxamus the Skirmisher, an amateur DrCA of Ignis (D:4)
  2 trolls
  6 polar bears (D:10)
  The ghost of thurberlil the Bolt Thrower, an amateur HuHu (D:4)
  8 wraiths
  A shadow (D:11)
  9 yaks
  A wyvern (D:11)
  The ghost of Zeldest the Shield-Bearer, an amateur FoFi (D:4)
  A steam dragon (D:8)
  3 water moccasins
  A hornet zombie (D:8)
  A sky beast (D:6)
  5 orc warriors
  A necrophage (D:5)
  2 ogres
  6 black bears
  5 ice beasts
  A wolf (D:10)
  3 centaurs
  A kobold brigand (D:10)
  A bullfrog (D:6)
  4 scorpions
  A water moccasin skeleton (D:6)
  The ghost of cyrus the Shield-Bearer, a weakling FoFi (D:4)
  11 killer bees
  An electric eel (D:10)
  A howler monkey (D:4)
  3 centaur zombies
  2 bullfrog skeletons
  3 hounds
  3 iguanas
  3 jellies
  A centaur skeleton (D:5)
  5 orc priests
  10 orc wizards
  A centaur simulacrum (D:10)
  A howler monkey zombie (D:8)
  6 adders
  4 gnolls (D:2)
  2 shadow imps (D:6)
  6 white imps (D:10)
  A howler monkey simulacrum (D:10)
  3 ufetubi
  A worm (D:4)
  A dart slug (D:5)
  50 orcs
  9 endoplasms
  2 giant cockroaches
  7 goblins
  6 hobgoblins
  3 jackals (D:2)
  3 quokkas
  10 ball pythons
  6 bats
  4 frilled lizards
  15 kobolds
  4 rats
263 creatures vanquished.

Vanquished Creatures (collateral kills)
  A kobold brigand (D:10)
  2 orc priests (D:11)
  An orc wizard (D:8)
  A kobold (D:10)
5 creatures vanquished.

Vanquished Creatures (others)
  A sky beast (D:8)
  6 withered plants (D:11)
7 creatures vanquished.

Grand Total: 275 creatures vanquished

Notes
Turn   | Place    | Note
-------+----------+-------------------------------------------
     0 | D:1      | drugrobin the Demigod Warper began the quest for the Orb.
     0 | D:1      | Reached XP level 1. HP: 17/17 MP: 5/5
   348 | D:1      | Reached skill level 1 in Stealth
   835 | D:1      | Reached XP level 2. HP: 21/24 MP: 7/7
  1093 | D:1      | Learned a level 2 spell: Blink
  2139 | D:2      | Reached XP level 3. HP: 11/29 MP: 5/8
  2342 | D:2      | Identified the +8 broad axe of Iffey {protect, Will++ MP+9}
  2656 | D:2      | Reached skill level 1 in Axes
  3061 | D:2      | Learned a level 3 spell: Lesser Beckoning
  3346 | D:3      | Reached XP level 4. HP: 20/36 MP: 9/9
  3347 | D:3      | Reached skill level 2 in Axes
  3893 | D:3      | Identified the +6 dagger "Galam" {elec, Str+6}
  4298 | D:4      | Reached skill level 3 in Axes
  4347 | D:4      | Noticed a black bear
  4351 | D:4      | Learned a level 1 spell: Animate Skeleton
  4420 | D:4      | Noticed a black bear
  4433 | D:4      | Reached XP level 5. HP: 38/41 MP: 10/10
  4436 | D:4      | Killed a black bear
  4437 | D:4      | Reached skill level 4 in Axes
  4440 | D:4      | Killed a black bear
  4441 | D:4      | Reached skill level 5 in Axes
  4441 | D:4      | Reached XP level 6. HP: 36/48 MP: 11/11
  5264 | D:4      | Found a runed translucent gate.
  5265 | D:4      | Found a runed translucent gate.
  5265 | D:4      | Found a runed translucent gate.
  5266 | D:4      | Noticed thurberlil's ghost (amateur HuHu)
  5266 | D:4      | Noticed cyrus's ghost (weakling FoFi)
  5267 | D:4      | Noticed Zeldest's ghost (amateur FoFi)
  5267 | D:4      | Noticed snaxamus's ghost (amateur DrCA)
  5299 | D:4      | Killed thurberlil's ghost
  5300 | D:4      | Reached skill level 6 in Axes
  5300 | D:4      | Reached XP level 7. HP: 49/53 MP: 12/12
  5311 | D:4      | Killed snaxamus's ghost
  5312 | D:4      | Reached skill level 7 in Axes
  5913 | D:4      | Killed cyrus's ghost
  6186 | D:4      | Killed Zeldest's ghost
  6498 | D:5      | Entered Level 5 of the Dungeon
  6561 | D:5      | Reached skill level 8 in Axes
  6570 | D:5      | Learned a level 3 spell: Teleport Other
  6694 | D:4      | Reached XP level 8. HP: 52/60 MP: 13/13
  7132 | D:5      | Reached skill level 9 in Axes
  7132 | D:5      | Found a staircase to the Ecumenical Temple.
  8174 | D:6      | Reached skill level 10 in Axes
  8757 | D:7      | Reached XP level 9. HP: 63/67 MP: 13/14
  8768 | D:7      | Reached skill level 11 in Axes
  8883 | D:7      | Found Tadduawn's Antique Armour Shop.
  8907 | D:7      | Bought a glowing scarf for 136 gold pieces
  9467 | D:8      | Reached skill level 12 in Axes
  9805 | D:8      | Noticed Maggie
  9826 | D:8      | Noticed Joseph
  9863 | D:8      | Killed Joseph
  9906 | D:8      | Killed Maggie
 10666 | D:8      | Reached skill level 13 in Axes
 10941 | D:8      | Noticed an orange demon
 10941 | D:8      | Noticed Amaemon
 11102 | D:9      | Reached XP level 10. HP: 55/73 MP: 15/15
 11710 | D:9      | Reached skill level 14 in Axes
 12117 | D:9      | Noticed a death knight
 12313 | D:10     | Entered Level 10 of the Dungeon
 12815 | D:10     | Learned a level 3 spell: Mephitic Cloud
 12884 | D:10     | Reached skill level 15 in Axes
 12949 | D:10     | Found a portal to a secret trove of treasure.
 13952 | D:10     | Reached XP level 11. HP: 63/79 MP: 17/17
 14362 | D:10     | Noticed a two-headed ogre
 14370 | D:10     | Killed a two-headed ogre
 14496 | D:11     | Found Lufadd's General Store.
 14511 | D:11     | Bought 2 potions of degeneration for 32 gold pieces
 14609 | D:11     | Reached skill level 16 in Axes
 14824 | D:11     | Identified the +1 leather armour of Dishonesty {rF++}
 14935 | D:11     | Noticed Josephine
 14951 | D:11     | Killed Josephine
 15084 | D:11     | Found a runed translucent gate.
 15084 | D:11     | Found a runed translucent gate.
 15084 | D:11     | Found a runed translucent gate.
 15106 | D:11     | Noticed Sonja
 15115 | D:11     | Killed Sonja
 15120 | D:11     | Noticed Erica
 15126 | D:11     | Noticed a boulder beetle
 15134 | D:11     | Killed a boulder beetle
 15135 | D:11     | Reached skill level 17 in Axes
 15179 | D:11     | Killed from afar by a manticore

Illustrated notes

Levels and vault maps discovered:
D:1:      erik_arrival_blinker_ship, layout_loops_corners,
          serial_co_window_serial, co_window_paths_b, co_window_paths_a,
          co_window_of_opportunity_a, co_window_paths_b, co_window_corner_a,
          co_window_paths_c, co_window_cross_2, co_window_unsneaky_path_a,
          co_window_corner_cb, co_window_paths_e, co_window_4corner_b,
          glass_columns_b, hangedman_feature_mirror
D:2:      layout_basic, chequers_mini_garden
D:3:      layout_basic, nicolae_ecumenical_snake_handling, minmay_pentangle
D:4:      layout_basic, grunt_temple_overflow_open, zin_academy,
          gammafunk_ghost_cemetery, nrook_mini_vaults
D:5:      layout_layer_cave, temple_pool_b,
          hangedman_abyss_or_decor_lesser_grid, minmay_bent
D:6:      layout_loops_ring, kennysheep_generic_room_13
D:7:      layout_cave_pools, serial_shops, shop
D:8:      layout_rooms, amcnicky_mini_corridor_feature, grunt_decor_fettered,
          uniq_maggie, uniq_joseph, uniq_amaemon
D:9:      layout_irregular_city, old_standard_altar, erik_lair_dragon,
          kennysheep_small_square
D:10:     layout_long_grid, serial_ice, serial_ice_m, serial_ice_a,
          serial_ice_i, serial_ice_c, serial_ice_n, serial_ice_f, serial_ice_e,
          serial_ice_o, enter_trove_0
D:11:     layout_long_grid, hiddenorc1_lemuel, serial_shops,
          nicolae_stop_n_shop_1, gammafunk_ghost_cemetery, uniq_sonja,
          uniq_psyche, uniq_josephine, uniq_erica

Skill      XL: |  1  2  3  4  5  6  7  8  9 10 11 |
---------------+----------------------------------+-----
Polearms       | 2 |  2.7
Stealth        | 1 2 |  2.0
Axes           | 1 3 5 6 8 10 13 15 17 | 17.0
Fighting       | |  1.7
Throwing       | |  0.8
Armour         | |  0.8
Dodging        | |  1.7
Spellcasting   | |  1.7
Translocations | |  2.6

Action                   |  1- 3 |  4- 6 |  7- 9 | 10-12 || total
-------------------------+-------+-------+-------+-------++-------
Melee: Spear             |    54 |       |       |       ||    54
       Long sword        |    15 |       |       |       ||    15
       Dagger            |    61 |    63 |    99 |       ||   223
       Broad axe         |    10 |    24 |   197 |   316 ||   547
       Unarmed           |       |    14 |       |       ||    14
       Punch             |       |     2 |     8 |       ||    10
 Fire: Hunting sling     |    20 |     6 |    13 |    17 ||    56
Throw: Stone             |     6 |       |     7 |       ||    13
       Dart              |       |       |     7 |    24 ||    31
       Boomerang         |       |       |     3 |       ||     3
 Cast: Blink             |     5 |       |     9 |     4 ||    18
       Animate Skeleton  |       |     2 |     5 |     9 ||    16
       Teleport Other    |       |       |     2 |     3 ||     5
       Mephitic Cloud    |       |       |       |     4 ||     4
Evoke: Wand              |       |     4 |     6 |    17 ||    27
  Use: Potion            |       |     2 |       |     1 ||     3
       Scroll            |       |       |    12 |     8 ||    20
 Stab: Sleeping          |     6 |       |     1 |     1 ||     8
       Paralysed         |       |     6 |     5 |       ||    11
       Confused          |       |       |       |     3 ||     3
Armor: Leather armour    |    43 |       |       |       ||    43
       Scale mail        |       |    43 |    77 |       ||   120
       Skin              |       |    15 |       |    29 ||    44
       Acid dragon scale |       |       |    61 |   137 ||   198
       Troll leather arm |       |       |       |    25 ||    25
Dodge: Dodged            |    91 |    37 |   127 |   155 ||   410
Block: Buckler           |       |       |    21 |    44 ||    65

Table legend: (Time is in decaauts)
 A = Elapsed time spent in this place.
 B = Non-inter-level travel time spent in this place.
 C = Inter-level travel time spent in this place.
 D = Time resting spent in this place.
 E = Time spent auto-exploring this place.
 F = Levels seen in this place.
 G = Mean time per level.
                   A        B        C        D        E       F      G
               +--------+--------+--------+--------+--------+-----+--------+
         Total |  15242 |  14805 |    437 |   4044 |   6135 |  11 | 1385.6 |
       Dungeon |  15242 |  14805 |    437 |   4044 |   6135 |  11 | 1385.6 |
               +--------+--------+--------+--------+--------+-----+--------+

Top non-repeatable levels by time:
     D:4: 2473 daAuts
    D:10: 2143 daAuts
     D:1: 1898 daAuts
     D:9: 1292 daAuts
     D:2: 1286 daAuts
     D:3: 1217 daAuts
     D:8: 1191 daAuts
     D:7: 1114 daAuts
     D:5: 1009 daAuts
     D:6: 889 daAuts
    D:11: 725 daAuts
